TOP OF THE 1ST |
Eugene Emeralds batting - Pitching for Brooklyn Cyclones : RHP Pat Sprague
|
Pitching: RHP Pat Sprague
|
|
Batting: RHB Hugo Torrez
|
0-0: Ground out 6-3 (Groundball, 6S, EV 85.0 MPH)
|
Batting: RHB Dustin Goldsborough
|
0-0: Ball 1-0: Ball 2-0: Called Strike 2-1: Called Strike 2-2: Ball 3-2: Strikes out swinging
|
Batting: RHB Jorge Lagunas
|
0-0: Ball 1-0: Called Strike 1-1: Ball 2-1: Called Strike 2-2: Foul Ball, location: 2F 2-2: Strikes out looking
|
Top of the 1st over - 0 runs, 0 hits, 0 errors, 0 left on base; Eugene 0 - Brooklyn 0 |
BOTTOM OF THE 1ST |
Brooklyn Cyclones batting - Pitching for Eugene Emeralds : LHP Jerry Tyson
|
Pitching: LHP Jerry Tyson
|
|
Batting: RHB Prabhukumar Santhanakrishnan
|
0-0: Ball 1-0: Foul Ball, location: 2F 1-1: Called Strike 1-2: Foul Ball, location: 2F 1-2: SINGLE (Line Drive, 34, EV 97.5 MPH)
|
Batting: SHB Callum Lynch
|
0-0: Ball Prabhukumar Santhanakrishnan steals 2nd base (no throw) 1-0: Called Strike 1-1: Ground out 4-3 (Groundball, 4, EV 81.2 MPH) Prabhukumar Santhanakrishnan to third
|
Batting: SHB Keith Casner
|
0-0: Ball 1-0: Ball 2-0: Ground out 6-3 (Groundball, 6, EV 96.9 MPH) Prabhukumar Santhanakrishnan scores
|
Batting: RHB Bill Crogan
|
0-0: Called Strike 0-1: SINGLE (Groundball, 56, EV 103.8 MPH) (infield hit)
|
Batting: RHB Victor Reyes
|
0-0: Called Strike 0-1: Ball 1-1: Ball 2-1: SINGLE (Groundball, 15S, EV 74.4 MPH) (infield hit) Bill Crogan to second
|
Batting: RHB Mike Mathews
|
0-0: Ball 1-0: Called Strike 1-1: Foul Ball, location: 2F 1-2: Strikes out swinging
|
Bottom of the 1st over - 1 run, 3 hits, 0 errors, 2 left on base; Eugene 0 - Brooklyn 1 |
TOP OF THE 2ND |
Eugene Emeralds batting - Pitching for Brooklyn Cyclones : RHP Pat Sprague
|
Batting: RHB Bartolo Aguilar
|
0-0: Called Strike 0-1: Swinging Strike 0-2: Ball 1-2: Strikes out swinging
|
Batting: RHB Mike Larson
|
0-0: Ball 1-0: Foul Ball, location: 2F 1-1: Swinging Strike 1-2: Foul Ball, location: 2F 1-2: Ball 2-2: Foul Ball, location: 2F 2-2: Strikes out swinging
|
Batting: RHB T.J. Garrison
|
0-0: Called Strike 0-1: Called Strike 0-2: Foul Ball, location: 2F 0-2: Strikes out swinging
|
Top of the 2nd over - 0 runs, 0 hits, 0 errors, 0 left on base; Eugene 0 - Brooklyn 1 |
BOTTOM OF THE 2ND |
Brooklyn Cyclones batting - Pitching for Eugene Emeralds : LHP Jerry Tyson
|
Batting: RHB Matt Tittle
|
0-0: Ball 1-0: Foul Ball, location: 2F 1-1: Ball 2-1: Called Strike 2-2: Strikes out swinging
|
Batting: LHB Elmo Dreier
|
0-0: Ball 1-0: Ball 2-0: Called Strike 2-1: Ball 3-1: SINGLE (Groundball, 3S, EV 70.0 MPH) (infield hit)
|
Batting: SHB Duri Chilemba
|
0-0: Ball 1-0: Ball 2-0: Grounds into double play, 5-4-3 (Groundball, 5, EV 86.2 MPH)
|
Bottom of the 2nd over - 0 runs, 1 hit, 0 errors, 0 left on base; Eugene 0 - Brooklyn 1 |
TOP OF THE 3RD |
Eugene Emeralds batting - Pitching for Brooklyn Cyclones : RHP Pat Sprague
|
Batting: RHB Juan Lira
|
0-0: Foul Ball, location: 2F 0-1: Ball 1-1: Ball 2-1: Ball 3-1: Swinging Strike 3-2: Strikes out swinging
|
Batting: RHB Rodolfo Perez
|
0-0: Foul Ball, location: 2F 0-1: Fly out, F7 (Flyball, 78M, EV 90.0 MPH)
|
Batting: RHB Gustavo Rodriguez
|
0-0: Ball 1-0: Foul Ball, location: 2F 1-1: Swinging Strike 1-2: Ball 2-2: Strikes out swinging
|
Top of the 3rd over - 0 runs, 0 hits, 0 errors, 0 left on base; Eugene 0 - Brooklyn 1 |
BOTTOM OF THE 3RD |
Brooklyn Cyclones batting - Pitching for Eugene Emeralds : LHP Jerry Tyson
|
Batting: RHB Prabhukumar Santhanakrishnan
|
0-0: Ball 1-0: Foul Ball, location: 2F 1-1: Ball 2-1: Foul Ball, location: 2F 2-2: Foul Ball, location: 2F 2-2: SINGLE (Groundball, 56D, EV 102.5 MPH)
|
Batting: SHB Callum Lynch
|
0-0: Called Strike 0-1: Ball 1-1: Swinging Strike 1-2: Grounds into double play, 6-4-3 (Groundball, 6M, EV 88.8 MPH)
|
Batting: SHB Keith Casner
|
0-0: Ball 1-0: Called Strike 1-1: Foul Ball, location: 2F 1-2: Ball 2-2: Ball 3-2: Strikes out swinging
|
Bottom of the 3rd over - 0 runs, 1 hit, 0 errors, 0 left on base; Eugene 0 - Brooklyn 1 |
TOP OF THE 4TH |
Eugene Emeralds batting - Pitching for Brooklyn Cyclones : RHP Pat Sprague
|
Batting: RHB Hugo Torrez
|
0-0: Ball 1-0: Ball 2-0: Called Strike 2-1: Swinging Strike 2-2: Foul Ball, location: 2F 2-2: Ground out 6-3 (Groundball, 6S, EV 71.9 MPH)
|
Batting: RHB Dustin Goldsborough
|
0-0: Ball 1-0: Ball 2-0: Ground out 5-3 (Groundball, 56S, EV 66.9 MPH)
|
Batting: RHB Jorge Lagunas
|
0-0: Called Strike 0-1: Swinging Strike 0-2: Foul Ball, location: 2F 0-2: Ball 1-2: Ball 2-2: Foul Ball, location: 2F 2-2: Strikes out swinging
|
Top of the 4th over - 0 runs, 0 hits, 0 errors, 0 left on base; Eugene 0 - Brooklyn 1 |
BOTTOM OF THE 4TH |
Brooklyn Cyclones batting - Pitching for Eugene Emeralds : LHP Jerry Tyson
|
Batting: RHB Bill Crogan
|
0-0: Foul Ball, location: 2F 0-1: Hit by Pitch
|
Batting: RHB Victor Reyes
|
0-0: Ball 1-0: Called Strike 1-1: Swinging Strike 1-2: Hit by Pitch Bill Crogan to second
|
Batting: RHB Mike Mathews
|
0-0: Called Strike 0-1: Ball 1-1: Ball 2-1: Fly out, F4 (Flyball, 4MD, EV 81.9 MPH)
|
Batting: RHB Matt Tittle
|
0-0: Swinging Strike 0-1: Swinging Strike 0-2: Ball 1-2: Strikes out swinging
|
Batting: LHB Elmo Dreier
|
0-0: Foul Ball, location: 2F 0-1: SINGLE (Groundball, 5S, EV 72.5 MPH) (infield hit) Bill Crogan to third Victor Reyes to second
|
Batting: SHB Duri Chilemba
|
0-0: Ball 1-0: Ball 2-0: Fly out, F4 (Popup, 23, EV 86.2 MPH)
|
Bottom of the 4th over - 0 runs, 1 hit, 0 errors, 3 left on base; Eugene 0 - Brooklyn 1 |
TOP OF THE 5TH |
Eugene Emeralds batting - Pitching for Brooklyn Cyclones : RHP Pat Sprague
|
Batting: RHB Bartolo Aguilar
|
0-0: Called Strike 0-1: Called Strike 0-2: Strikes out swinging
|
Batting: RHB Mike Larson
|
0-0: Ball 1-0: SINGLE (Line Drive, 34D, EV 100.0 MPH)
|
Batting: RHB T.J. Garrison
|
0-0: Foul Ball, location: 2F 0-1: Ball 1-1: Foul Ball, location: 2F 1-2: Foul Ball, location: 2F 1-2: Foul Ball, location: 2F 1-2: SINGLE (Groundball, 6MD, EV 103.1 MPH) Mike Larson to second
|
Batting: RHB Juan Lira
|
0-0: Ball 1-0: Swinging Strike 1-1: Swinging Strike 1-2: Ball 2-2: Foul Ball, location: 2F 2-2: Strikes out swinging
|
Batting: RHB Rodolfo Perez
|
0-0: Ball 1-0: Fly out, F6 (Popup, P, EV 82.5 MPH)
|
Top of the 5th over - 0 runs, 2 hits, 0 errors, 2 left on base; Eugene 0 - Brooklyn 1 |
BOTTOM OF THE 5TH |
Brooklyn Cyclones batting - Pitching for Eugene Emeralds : LHP Jerry Tyson
|
Batting: RHB Prabhukumar Santhanakrishnan
|
0-0: Ball 1-0: Ball 2-0: Fly out, F9 (Flyball, 89M, EV 87.5 MPH)
|
Batting: SHB Callum Lynch
|
0-0: Ball 1-0: Swinging Strike 1-1: Hit by Pitch
|
Batting: SHB Keith Casner
|
0-0: Ball 1-0: Foul Ball, location: 2F 1-1: SINGLE (Groundball, 56D, EV 99.4 MPH) Callum Lynch to second
|
Batting: RHB Bill Crogan
|
0-0: Ball Wild Pitch! Callum Lynch to third Keith Casner to second 1-0: Swinging Strike 1-1: Ball 2-1: Fly out, F9 (Flyball, 9D, EV 105.0 MPH) Runner from 3rd tags up, SCORES, throw by RF Keith Casner to third
|
Batting: RHB Victor Reyes
|
0-0: Ball 1-0: Ground out 6-3 (Groundball, 6M, EV 85.0 MPH)
|
Bottom of the 5th over - 1 run, 1 hit, 0 errors, 1 left on base; Eugene 0 - Brooklyn 2 |
TOP OF THE 6TH |
Eugene Emeralds batting - Pitching for Brooklyn Cyclones : RHP Pat Sprague
|
Batting: RHB Gustavo Rodriguez
|
0-0: Called Strike 0-1: Swinging Strike 0-2: Strikes out looking
|
Batting: RHB Hugo Torrez
|
0-0: Ball 1-0: Called Strike 1-1: Called Strike 1-2: Strikes out looking
|
Batting: RHB Dustin Goldsborough
|
0-0: Ground out 6-3 (Groundball, 6, EV 88.8 MPH)
|
Top of the 6th over - 0 runs, 0 hits, 0 errors, 0 left on base; Eugene 0 - Brooklyn 2 |
BOTTOM OF THE 6TH |
Brooklyn Cyclones batting - Pitching for Eugene Emeralds : LHP Jerry Tyson
|
Batting: RHB Mike Mathews
|
0-0: Foul Ball, location: 2F 0-1: Foul Ball, location: 2F 0-2: Ground out 5-3 (Groundball, 5, EV 80.0 MPH)
|
Pitching: RHP Brendan Malzone
|
|
Batting: RHB Matt Tittle
|
0-0: Ball 1-0: Ball 2-0: Ball 3-0: Called Strike 3-1: Base on Balls
|
Batting: LHB Elmo Dreier
|
0-0: Called Strike 0-1: Called Strike 0-2: Ball 1-2: Foul Ball, location: 2F 1-2: Fielders Choice at 2nd, 3-6 (Groundball, 3, EV 78.8 MPH)
|
Batting: SHB Duri Chilemba
|
0-0: Ball Elmo Dreier steals 2nd base 1-0: Called Strike 1-1: Ball 2-1: SINGLE (Groundball, 56S, EV 70.6 MPH) (infield hit) Elmo Dreier to third
|
Batting: RHB Prabhukumar Santhanakrishnan
|
0-0: Called Strike 0-1: Foul Ball, location: 2F 0-2: Ground out 1-3 (Groundball, 25, EV 61.2 MPH)
|
Bottom of the 6th over - 0 runs, 1 hit, 0 errors, 2 left on base; Eugene 0 - Brooklyn 2 |
TOP OF THE 7TH |
Eugene Emeralds batting - Pitching for Brooklyn Cyclones : RHP Pat Sprague
|
Pitching: RHP Jason Horvath
|
|
Batting: RHB Jorge Lagunas
|
0-0: Ball 1-0: Swinging Strike 1-1: SINGLE (Groundball, 5D, EV 104.4 MPH)
|
Batting: RHB Bartolo Aguilar
|
0-0: Ball 1-0: Ball 2-0: Called Strike 2-1: Ball 3-1: Base on Balls Jorge Lagunas to second
|
Batting: RHB Mike Larson
|
0-0: Ball 1-0: Ball 2-0: Called Strike 2-1: Called Strike 2-2: Foul Ball, location: 2F 2-2: Strikes out swinging
|
Batting: RHB T.J. Garrison
|
0-0: Foul Ball, location: 2F 0-1: Ball 1-1: Swinging Strike 1-2: Ball 2-2: Ball 3-2: Fly out, F8 (Flyball, 8RD, EV 92.5 MPH)
|
Batting: RHB Juan Lira
|
0-0: Ball 1-0: Called Strike 1-1: Called Strike 1-2: Ball 2-2: Strikes out swinging
|
Top of the 7th over - 0 runs, 1 hit, 0 errors, 2 left on base; Eugene 0 - Brooklyn 2 |
BOTTOM OF THE 7TH |
Brooklyn Cyclones batting - Pitching for Eugene Emeralds : RHP Brendan Malzone
|
Batting: SHB Callum Lynch
|
0-0: SINGLE (Groundball, 4D, EV 97.5 MPH)
|
Batting: SHB Keith Casner
|
0-0: Ball Callum Lynch steals 2nd base 1-0: Ball 2-0: DOUBLE (Line Drive, 89XD, EV 106.2 MPH) Callum Lynch scores
|
Batting: RHB Bill Crogan
|
0-0: Intentional Walk
|
Batting: RHB Victor Reyes
|
0-0: Called Strike 0-1: Ball 1-1: Fly out, F9 (Flyball, 9S, EV 82.5 MPH)
|
Pitching: RHP Jose Mata
|
|
Batting: RHB Mike Mathews
|
0-0: Ball 1-0: Ball 2-0: Foul Ball, location: 2F 2-1: Swinging Strike 2-2: Ball 3-2: Strikes out swinging
|
Batting: RHB Matt Tittle
|
0-0: Called Strike 0-1: Ball 1-1: Fielders Choice at 2nd, 5-4 (Groundball, 56, EV 104.4 MPH)
|
Bottom of the 7th over - 1 run, 2 hits, 0 errors, 2 left on base; Eugene 0 - Brooklyn 3 |
TOP OF THE 8TH |
Eugene Emeralds batting - Pitching for Brooklyn Cyclones : RHP Jason Horvath
|
Batting: RHB Rodolfo Perez
|
0-0: Ball 1-0: Swinging Strike 1-1: Ball 2-1: Foul Ball, location: 2F 2-2: Strikes out swinging
|
Batting: RHB Gustavo Rodriguez
|
0-0: Ball 1-0: Foul Ball, location: 2F 1-1: Foul Ball, location: 2F 1-2: Foul Ball, location: 2F 1-2: Ball 2-2: Strikes out swinging, 2-3 out at first.
|
Batting: RHB Hugo Torrez
|
0-0: Ball 1-0: Called Strike 1-1: Ball 2-1: Ball 3-1: Called Strike 3-2: Ground out 5-3 (Groundball, 56S, EV 93.1 MPH)
|
Top of the 8th over - 0 runs, 0 hits, 0 errors, 0 left on base; Eugene 0 - Brooklyn 3 |
BOTTOM OF THE 8TH |
Brooklyn Cyclones batting - Pitching for Eugene Emeralds : RHP Jose Mata
|
Batting: LHB Elmo Dreier
|
0-0: Called Strike 0-1: Fly out, F8 (Flyball, 8RS, EV 88.8 MPH)
|
Batting: SHB Duri Chilemba
|
0-0: Called Strike 0-1: Ball 1-1: Ball 2-1: Foul Ball, location: 2F 2-2: Strikes out swinging
|
Batting: RHB Prabhukumar Santhanakrishnan
|
0-0: Ball 1-0: Swinging Strike 1-1: Ball 2-1: Swinging Strike 2-2: Ball 3-2: Ground out 6-3 (Groundball, 6, EV 81.9 MPH)
|
Bottom of the 8th over - 0 runs, 0 hits, 0 errors, 0 left on base; Eugene 0 - Brooklyn 3 |
TOP OF THE 9TH |
Eugene Emeralds batting - Pitching for Brooklyn Cyclones : RHP Jason Horvath
|
Pitching: LHP Joe Edwards
|
|
Batting: RHB Dustin Goldsborough
|
0-0: Called Strike 0-1: Ball 1-1: Foul Ball, location: 2F 1-2: Foul Ball, location: 2F 1-2: Ball 2-2: Foul Ball, location: 2F 2-2: Ground out 5-3 (Groundball, 56, EV 83.1 MPH)
|
Batting: RHB Jorge Lagunas
|
0-0: Ball 1-0: Called Strike 1-1: Ball 2-1: Swinging Strike 2-2: Ball 3-2: Foul Ball, location: 2F 3-2: Strikes out looking
|
Batting: RHB Bartolo Aguilar
|
0-0: Called Strike 0-1: SINGLE (Groundball, 56D, EV 98.1 MPH)
|
Batting: RHB Mike Larson
|
0-0: Ball 1-0: Ball Wild Pitch! Bartolo Aguilar to second 2-0: SINGLE (Line Drive, 9S, EV 98.1 MPH) Bartolo Aguilar to third
|
Batting: RHB T.J. Garrison
|
0-0: Called Strike 0-1: Swinging Strike 0-2: Ball 1-2: Strikes out swinging
|
Top of the 9th over - 0 runs, 2 hits, 0 errors, 2 left on base; Eugene 0 - Brooklyn 3 |
|